 Dungeon Crawl Stone Soup version 0.30-a0-371-gad7725a93e (webtiles) character file.

Game seed: 2577570056448063102

1307 jfcaron the Destroyer (level 8, -1/44 HPs)
             Began as a Tengu Reaver on Nov 22, 2022.
             Slain by an acid dragon (14 damage)
             ... on level 6 of the Dungeon.
             The game lasted 00:20:37 (7389 turns).

jfcaron the Destroyer (Tengu Reaver)                Turns: 7389, Time: 00:20:37

Health: -1/44      AC:  1    Str: 19    XL:     8   Next: 57%
Magic:  15/16      EV: 14    Int: 15    God:
Gold:   449        SH:  0    Dex: 13    Spells: 8/16 levels left

rFire   . . .      SeeInvis .    u - +7 dagger of Nuudd {freeze, Str+3}
rCold   . . .      Faith    .    (no shield)
rNeg    . . .      Spirit   .    w - +1 leather armour "Mebotor" {Str+3}
rPois   .          Reflect  .    (helmet restricted)
rElec   .          Harm     .    (no cloak)
rCorr   .          Rampage  .    h - +0 pair of gloves
Will    .....                    (boots unavailable)
Stlth   +.........               (no amulet)
HPRegen 0.27/turn                (no ring)
MPRegen 0.15/turn                (no ring)

@: corroded, flying quickly and evasively, quick
A: beak, talons 3, nimble flight
a: no special abilities


You were on level 6 of the Dungeon.
You visited 1 branch of the dungeon, and saw 6 of its levels.

You collected 449 gold pieces.

Inventory:

Hand Weapons
 a - a +0 hand axe
 b - a +4 dagger of speed
 j - a +1 dagger of venom
 o - a +3 short sword
 s - a +1 dagger of speed
 t - a +2 dagger of venom
 u - the +7 dagger of Nuudd (weapon) {freeze, Str+3}
   (You took it off Robin on level 2 of the Dungeon)

   It freezes those it strikes, dealing additional cold damage.
   It can also slow down cold-blooded creatures.
   Str:       It affects your strength (+3).
Missiles
 d - 2 boomerangs
 f - 64 stones
Armour
 h - a +0 pair of gloves (worn)
 w - the +1 leather armour "Mebotor" (worn) {Str+3}
   (You found it on level 3 of the Dungeon)

   Str:       It affects your strength (+3).
Scrolls
 i - 3 scrolls of enchant weapon
 k - a scroll of magic mapping
 l - a scroll of blinking
 p - 2 scrolls of teleportation
 q - a scroll of fog {unknown}
 r - a scroll of vulnerability
Potions
 c - a potion of berserk rage {unknown}
 e - 2 potions of heal wounds
 g - 2 potions of curing {unknown}
 m - 4 potions of mutation
 n - 2 potions of brilliance
 v - 2 potions of lignification
 z - a potion of magic {unknown}
 A - a potion of cancellation {unknown}


   Skills:
 - Level 2.0 Fighting
 - Level 3.2 Axes
 - Level 2.1 Dodging
 + Level 4.7 Spellcasting
 + Level 9.9 Conjurations
 - Level 1.0 Translocations
 + Level 4.7 Ice Magic


You had 8 spell levels left.
You knew the following spells:

 Your Spells              Type           Power      Damage    Failure   Level
a - Kiss of Death         Conj/Necr      72%        2d10      2%          1
b - Momentum Strike       Conj/Tloc      38%        3d9       3%          2
c - Hailstorm             Conj/Ice       25%        3d7       3%          3
d - Blink                 Tloc           12%        N/A       21%         2

Your spell library contained the following spells:

 Spells                   Type           Power      Damage    Failure   Level
 Lesser Beckoning         Tloc           12%        N/A       36%         3


Dungeon Overview and Level Annotations

Branches:
Dungeon (6/15)
 Temple: D:4-7

Altars:
Fedhas
Hepliaklqana
Xom

Shops:
D:3 [


Innate Abilities, Weirdness & Mutations

You have a beak for a mouth.
You have claws for feet.
Your magical nature lets you fly swiftly and evasively.


Message History

You start resting.
Magic restored.
You start resting.
HP restored.
Things that are here:
a +0 dagger; a +0 robe
Things that are here:
a +0 hand axe; a +0 leather armour; an orc corpse You start resting.
HP restored.
You see here an iguana corpse.
Found a stone staircase leading up.
There is an open door here.
Things that are here:
a +0 club; an orc corpse
There is an open gate here.
An acid dragon comes into view.
No target in view!
You see here 7 stones.
Casting: Hailstorm (dangerous; 3% risk of failure)
Confirm with . or Enter, or press ? or * to list all spells.
Aiming: Momentum Strike (safe; 3% risk of failure)
Press: ? - help, Dir - move target, f - acid dragon
Aim: an acid dragon (asleep, 100% to hit)
The concentrated momentum hits the acid dragon!
The acid dragon roars!
You are unable to move.
You cannot move.
The acid dragon spits acid at you. The splash of acid hits you!!
The acid corrodes you!
You hit the acid dragon but do no damage.
The acid dragon is heavily wounded.
The acid dragon bites you!
* * * LOW HITPOINT WARNING * * *
The acid dragon completely misses you.
You barely miss the acid dragon. You claw the acid dragon.
The acid dragon is severely wounded.
You are no longer robbed of momentum.
The acid dragon bites you!
You die...

........'.#≈.≈#....# #....'......
.#.######.#≈.≈#.######....###....
.#.# #.#§.§#......#...........
...# #.#§§§#......#######†....
#..########≈§≈#..)...####...)....
#.........#≈.§#.........)[^.)....
#.##########.############.#######
[.# §§≈≈≈##.##≈≈≈≈≈≈§###.# ###
§§.§.......@D§§.§##..# .#
§≈≈§§##.##≈§§§§§≈#..##
.###########.##########.##
..........#≈.≈ #.# #.###
#.....#####≈.§###.###.# #.....#
#≈.≈#.....#.# #.....##
#§.§###.#.#.# #......##
#≈§≈#...#.#.# #..>.#..#
###.#.#.#######


You could see an acid dragon (catching breath).

Vanquished Creatures
  Grinder (D:3)
  Duvessa (D:4)
  An orc warrior (D:6)
  A bullfrog (D:4)
  2 necrophages
  A scorpion (D:4)
  A gnoll sergeant (D:6)
  Dowan (D:4)
  3 jellies
  4 hounds
  6 orc priests
  Terence (D:2)
  5 iguanas
  4 orc wizards
  Robin (D:2)
  3 gnolls (D:6)
  5 adders
  A shadow imp (D:5)
  A white imp (D:4)
  3 worms
  3 dart slugs
  17 orcs
  8 endoplasms
  2 giant cockroaches
  10 goblins
  8 hobgoblins
  4 jackals (D:3)
  4 kobolds
  3 quokkas
  2 ball pythons (D:1)
  4 bats
  2 frilled lizards
  11 rats
124 creatures vanquished.

Notes
Turn   | Place    | Note
-------+----------+-------------------------------------------
     0 | D:1      | jfcaron the Tengu Reaver began the quest for the Orb.
     0 | D:1      | Reached XP level 1. HP: 12/12 MP: 4/4
   191 | D:1      | Reached XP level 2. HP: 17/17 MP: 6/6
   194 | D:1      | Learned a level 2 spell: Momentum Strike
   274 | D:1      | Reached skill level 5 in Conjurations
   948 | D:2      | Reached XP level 3. HP: 21/21 MP: 7/7
   952 | D:2      | Learned a level 3 spell: Hailstorm
  1226 | D:2      | Noticed Robin
  1228 | D:2      | Reached skill level 1 in Ice Magic
  1453 | D:2      | HP: 4/21 [kobold/+3 short sword (3)]
  1784 | D:2      | Found a shimmering altar of Xom.
  2784 | D:2      | Identified the +7 dagger of Nuudd {freeze, Str+3}
  2792 | D:2      | Reached XP level 4. HP: 26/26 MP: 1/8
  2793 | D:2      | Killed Robin
  2853 | D:2      | Found a shimmering altar of Xom.
  2984 | D:3      | Noticed Terence
  2996 | D:2      | Killed Terence
  2997 | D:2      | Reached skill level 6 in Conjurations
  3032 | D:3      | Found Ukhaxt's Antique Armour Emporium.
  3112 | D:3      | Identified the +1 leather armour "Mebotor" {Str+3}
  3179 | D:3      | Gained mutation: Your magical nature lets you fly swiftly
                  | and evasively. [Tengu growth]
  3179 | D:3      | Reached XP level 5. HP: 30/30 MP: 9/9
  3210 | D:3      | Learned a level 2 spell: Blink
  3210 | D:3      | Found a blossoming altar of Fedhas.
  3227 | D:3      | Noticed Grinder
  3282 | D:3      | Killed Grinder
  3283 | D:3      | Reached skill level 7 in Conjurations
  3283 | D:3      | Reached XP level 6. HP: 11/35 MP: 4/10
  3680 | D:4      | Noticed Duvessa
  3680 | D:4      | Noticed Dowan
  3829 | D:4      | HP: 6/35 [Duvessa/+0 short sword (9)]
  3831 | D:4      | Killed Duvessa
  3832 | D:4      | Reached skill level 1 in Translocations
  3918 | D:4      | Killed Dowan
  3919 | D:4      | Reached skill level 8 in Conjurations
  4009 | D:4      | Found a hazy altar of Hepliaklqana.
  4161 | D:4      | Reached XP level 7. HP: 36/40 MP: 9/12
  5049 | D:5      | Entered Level 5 of the Dungeon
  6322 | D:6      | Reached skill level 9 in Conjurations
  6565 | D:6      | Reached XP level 8. HP: 41/44 MP: 3/14
  6830 | D:6      | HP: 3/44 [orc warrior/bolt (15)]
  7389 | D:6      | Slain by an acid dragon

Illustrated notes

Levels and vault maps discovered:
D:1:      saegor_arrival_fortress, layout_basic
D:2:      layout_loops_corners, basic_altar, amethyst_killhole, uniq_robin
D:3:      layout_rooms, mainiacjoe_overflow_concentric_impassable, serial_shops,
          shop, uniq_grinder, uniq_terence
D:4:      layout_basic, lemuel_doored_altar, uniq_duvessa
D:5:      layout_basic, serial_corexii_hall, corexii_hall_statues_l,
          chequers_hall_statues_corner_a, chequers_hall_statues_wall_a,
          corexii_hall_statues_i, corexii_hall_statues_i,
          corexii_hall_statues_l, hangedman_abyss_or_decor_stagger
D:6:      layout_basic, kennysheep_cross_bottleneck

Skill      XL: |  1  2  3  4  5  6  7  8 |
---------------+-------------------------+-----
Conjurations   | 5 6 7 8 9 |  9.9
Ice Magic      | 1 2 3 4 |  4.7
Translocations | 1 |  1.0
Spellcasting   | 3 4 |  4.7
Fighting       | |  2.0
Axes           | |  3.2
Dodging        | |  2.1

Action                   |  1- 3 |  4- 6 |  7- 9 || total
-------------------------+-------+-------+-------++-------
Melee: Hand axe          |    91 |     8 |       ||    99
       Kick              |    23 |    14 |    24 ||    61
       Peck              |    17 |     9 |     9 ||    35
       Punch             |     1 |     1 |       ||     2
       Dagger            |       |    42 |    86 ||   128
Throw: Boomerang         |     1 |     1 |       ||     2
 Cast: Momentum Strike   |     5 |     5 |    11 ||    21
       Hailstorm         |     4 |     6 |    17 ||    27
       Kiss of Death     |       |     1 |       ||     1
  Use: Scroll            |       |    10 |     4 ||    14
       Potion            |       |     1 |       ||     1
 Stab: Sleeping          |     1 |       |       ||     1
Armor: Leather armour    |    32 |    13 |    10 ||    55
Dodge: Dodged            |    45 |    37 |    50 ||   132

Table legend: (Time is in decaauts)
 A = Elapsed time spent in this place.
 B = Non-inter-level travel time spent in this place.
 C = Inter-level travel time spent in this place.
 D = Time resting spent in this place.
 E = Time spent auto-exploring this place.
 F = Levels seen in this place.
 G = Mean time per level.
                   A        B        C        D        E       F      G
               +--------+--------+--------+--------+--------+-----+--------+
         Total |   7138 |   6765 |    373 |   1379 |   4449 |   6 | 1189.7 |
       Dungeon |   7138 |   6765 |    373 |   1379 |   4449 |   6 | 1189.7 |
               +--------+--------+--------+--------+--------+-----+--------+

Top non-repeatable levels by time:
     D:2: 1996 daAuts
     D:5: 1315 daAuts
     D:4: 1088 daAuts
     D:1: 1044 daAuts
     D:6: 860 daAuts
     D:3: 833 daAuts
